Map: Tropic Shores

Players

PaulMaudDib

  • Race: Protoss Protoss
  • Spawn Location: 6:00

eduardo

  • Race: Protoss Protoss
  • Spawn Location: 6:00

Redsomest

  • Race: Zerg Zerg
  • Spawn Location: 5:00

Infamous

  • Race: Protoss Protoss
  • League: Silver
  • Spawn Location: 5:00

NoroCos

  • Race: Zerg Zerg
  • League: Silver
  • Spawn Location: 11:00

AlanC

  • Race: Terran Terran
  • Spawn Location: 0:00

savagekilla

  • Race: Zerg Zerg
  • Spawn Location: 12:00

chorlos

  • Race: Zerg Zerg
  • Spawn Location: 12:00

VOD

Have the link to the VOD?

Description

Time

  • Played on: April 5, 2018, 11:05 a.m.
  • Length: 21:16
Show
View Real Time Build Order
Export as new Build Order

PaulMaudDib Protoss 

Build Orders:  

Get SALT Encoding   

  12  0:29  Assimilator  
  12  0:34  Assimilator  
  12  0:44  Probe (Chrono Boost)  
  12  0:47  Pylon  
  13  0:56  Probe (Chrono Boost)  
  14  1:03  Probe  
  14  1:09  Forge  
  15  1:13  Gateway  
  15  1:18  Probe  
  16  1:56  Nexus  
  16  2:02  Probe  
  17  2:14  Probe  
  18  2:20  Cybernetics Core  
  18  2:59  Stargate  
  18  3:03  Photon Cannon  
  18  3:06  Stargate  
  18  3:16  Pylon  
  18  3:35  Pylon  
  18  3:41  Void Ray (Chrono Boost)  
  18  3:45  Photon Cannon  
  18  3:47  Stalker  
  24  4:13  Photon Cannon  
  24  4:14  Probe  
  25  4:25  Pylon  
  25  4:29  Void Ray  
  29  4:44  Shield Battery  
  29  4:50  Photon Cannon  
  29  5:24  Void Ray  
  33  6:12  Nexus  
  33  6:17  Photon Cannon  
  33  6:25  Probe  
  34  6:31  Assimilator  
  34  6:39  Assimilator  
  34  6:59  Photon Cannon  
  34  7:08  Probe  
  35  7:14  Void Ray  
  40  7:30  Probe (Chrono Boost)  
  40  7:34  Probe (Chrono Boost)  
  43  7:45  Probe (Chrono Boost)  
  43  7:46  Probe (Chrono Boost)  
  43  7:50  Probe (Chrono Boost)  
  43  7:53  Probe  
  43  7:55  Void Ray  
  49  8:09  Probe  
  50  8:21  Probe  
  51  8:33  Probe  
  52  8:45  Probe  
  53  9:14  Void Ray x2  
  61  9:17  Protoss Air Weapons Level 1  
  61  9:28  Photon Cannon  
  61  9:39  Stargate  
  61  10:23  Stargate  
  61  10:33  Pylon  
  61  10:44  Pylon  
  61  10:48  Probe  
  62  10:51  Void Ray x2  
  70  11:01  Void Ray  
  70  11:02  Probe  
  70  11:03  Photon Cannon  
  75  11:06  Photon Cannon  
  75  11:11  Protoss Air Armor Level 1  
  75  11:14  Probe  
  75  11:17  Protoss Shields Level 1  
  76  11:26  Probe  
  77  11:38  Nexus  
  77  11:48  Probe  
  78  12:09  Pylon  
  78  12:12  Pylon  
  78  12:27  Void Ray x2  
  86  12:30  Probe, Void Ray  
  46  13:31  Protoss Ground Weapons Level 1  
  46  13:34  Stargate  
  46  13:35  Void Ray x3  
  46  13:36  Photon Cannon  
  54  13:43  Void Ray  
  58  13:51  Probe  
  59  14:03  Probe, Photon Cannon  
  56  14:18  Void Ray x2  
  56  14:24  Fleet Beacon  
  64  14:53  Shield Battery  
  64  14:58  Photon Cannon  
  64  15:09  Nexus  
  64  15:10  Protoss Air Weapons Level 2  
  64  15:25  Protoss Ground Armor Level 1  
  64  15:39  Nexus  
  64  15:40  Carrier  
  70  15:59  Pylon  
  70  16:12  Pylon  
  70  16:36  Carrier  
  76  16:47  Photon Cannon  
  76  16:50  Photon Cannon  
  76  16:52  Probe  
  77  17:04  Probe  
  47  18:01  Carrier (Chrono Boost)  
  59  18:08  Carrier (Chrono Boost)  
  71  18:14  Carrier (Chrono Boost)  
  71  18:17  Carrier (Chrono Boost)  
  71  18:18  Photon Cannon  
  62  18:41  Photon Cannon  
  62  18:47  Photon Cannon  
  66  19:00  Pylon  
  66  19:01  Carrier (Chrono Boost)  
  66  19:03  Shield Battery  
  66  19:07  Shield Battery  
  66  19:11  Photon Cannon  
  66  19:14  Graviton Catapult  
  66  19:36  Carrier (Chrono Boost)  
Show
View Real Time Build Order
Export as new Build Order

eduardo Protoss 

Build Orders:  

Get SALT Encoding   

  12  0:17  Assimilator  
  12  0:22  Assimilator  
  12  1:32  Nexus  
  12  1:48  Probe  
  13  1:55  Pylon  
  13  2:00  Probe  
  14  2:01  Pylon  
  14  2:12  Probe  
  15  2:17  Assimilator  
  15  2:23  Assimilator  
  15  2:36  Forge  
  15  2:39  Gateway  
  15  2:55  Pylon  
  15  2:58  Pylon  
  15  3:17  Photon Cannon  
  15  3:20  Photon Cannon  
  15  3:34  Photon Cannon  
  15  3:48  Photon Cannon  
  15  3:57  Zealot  
  17  4:29  Photon Cannon  
  17  4:35  Photon Cannon  
  17  4:58  Photon Cannon  
  16  5:01  Photon Cannon  
  16  5:22  Cybernetics Core  
  16  5:38  Probe  
  17  5:50  Probe  
  18  6:03  Probe  
  19  6:15  Probe  
  20  6:23  Pylon  
  20  6:27  Probe  
  20  6:32  Stargate  
  21  6:34  Stargate  
  21  7:07  Pylon  
  21  7:14  Pylon  
  21  7:23  Pylon  
  21  7:28  Probe  
  22  7:40  Probe  
  23  7:52  Probe  
  24  8:04  Probe  
  25  8:18  Stargate  
  25  8:41  Void Ray  
  25  8:44  Void Ray  
  33  9:11  Pylon  
  33  9:17  Pylon  
  33  9:24  Void Ray  
  33  9:27  Void Ray  
  41  9:40  Pylon  
  41  9:45  Photon Cannon  
  41  9:51  Photon Cannon  
  41  9:58  Pylon  
  41  10:06  Photon Cannon  
  41  10:28  Pylon  
  41  10:37  Pylon  
  41  10:44  Pylon  
  41  11:18  Void Ray  
  45  11:28  Void Ray  
  49  11:54  Photon Cannon  
  49  12:17  Void Ray  
  53  12:35  Photon Cannon  
  53  12:58  Photon Cannon  
  53  13:17  Photon Cannon  
  48  14:19  Pylon  
  48  14:23  Pylon  
  48  14:35  Probe  
  49  14:47  Probe  
  50  14:56  Photon Cannon  
  50  14:59  Probe  
  51  15:19  Photon Cannon  
  51  15:49  Photon Cannon  
Show
View Real Time Build Order
Export as new Build Order

Redsomest Zerg 

Build Orders: Pool First, Lurkers 

Get SALT Encoding   

  12  0:14  Drone x2  
  14  0:35  Spawning Pool  
  13  0:37  Drone  
  13  0:41  Extractor  
  13  0:43  Overlord  
  13  0:53  Drone  
  14  1:12  Drone  
  14  1:13  Drone  
  14  1:14  Drone  
  17  1:33  Extractor, Queen  
  18  1:41  Spine Crawler  
  17  1:49  Overlord  
  17  1:53  Drone x2  
  19  1:58  Spine Crawler  
  18  2:18  Lair  
  18  3:21  Hydralisk Den  
  18  3:24  Hatchery  
  14  3:51  Queen  
  14  3:54  Hydralisk x4  
  24  4:00  Drone  
  24  4:01  Drone x2  
  27  4:11  Drone x2  
  29  4:38  Queen  
  29  4:40  Drone  
  32  5:07  Muscular Augments  
  32  5:18  Extractor  
  31  5:21  Drone  
  31  5:22  Drone x2  
  34  5:32  Hydralisk  
  34  5:35  Overlord x2  
  36  5:55  Drone x2  
  38  5:59  Drone x3  
  41  6:06  Extractor  
  40  6:18  Grooved Spines  
  40  6:30  Drone x2  
  40  6:31  Drone  
  43  6:38  Lurker Den  
  42  6:42  Hydralisk x3  
  48  6:51  Overlord x3  
  48  7:02  Drone x3  
  48  7:03  Drone  
  52  7:41  Spire  
  51  7:46  Drone x3  
  51  7:47  Drone x3  
  57  8:12  Hydralisk x2  
  57  8:13  Hydralisk x5  
  57  8:14  Hydralisk  
  73  8:30  Drone x3  
  76  8:35  Overlord x3  
  59  9:09  Lurker x4  
  59  9:10  Lurker  
  59  9:14  Hydralisk x2  
  59  9:15  Hydralisk x3  
  69  9:25  Overlord  
  69  11:13  Hatchery  
  68  11:48  Hydralisk x3  
  68  11:49  Hydralisk x2  
  72  12:12  Nydus Network  
  71  12:29  Lurker x2  
  74  12:30  Lurker x3  
  76  12:47  Metabolic Boost  
  76  13:39  Overlord x2  
  76  13:40  Overlord x4  
  76  13:57  Queen  
  76  14:17  Drone x3  
  79  14:51  Hydralisk x4  
  79  14:52  Hydralisk  
  89  15:02  Drone x3  
  92  16:00  Nydus Canal  
  92  16:23  Unknown  
  92  16:41  Drone x4  
  92  16:42  Drone  
  97  16:50  Extractor  
  47  18:42  Hydralisk x3  
  53  18:49  Hydralisk x4  
  53  18:50  Hydralisk x2  
  59  19:15  Extractor  
  58  19:31  Hydralisk  
  58  19:32  Hydralisk x2  
  64  19:43  Lurker x3  
  64  19:44  Lurker x6  
Show
View Real Time Build Order
Export as new Build Order

Infamous Protoss 

Build Orders: 1 Gate Expand 

Get SALT Encoding   

  12  0:02  Probe  
  13  0:16  Pylon  
  13  0:20  Probe  
  14  0:32  Probe  
  15  0:37  Gateway  
  15  0:44  Probe (Chrono Boost)  
  16  0:55  Probe (Chrono Boost)  
  17  1:00  Probe (Chrono Boost)  
  18  1:04  Assimilator  
  18  1:12  Probe  
  19  1:20  Pylon  
  19  1:31  Nexus  
  19  1:45  Cybernetics Core  
  19  1:46  Probe (Chrono Boost)  
  20  1:52  Assimilator  
  20  1:57  Probe (Chrono Boost)  
  20  2:01  Pylon  
  20  2:11  Probe (Chrono Boost)  
  21  2:21  Probe (Chrono Boost), Warp Gate  
  21  2:22  Gateway  
  22  2:25  Probe (Chrono Boost)  
  23  2:36  Pylon  
  23  2:38  Probe  
  24  2:49  Probe  
  24  2:50  Probe  
  28  2:52  Adept (Chrono Boost)  
  28  3:04  Forge  
  28  3:11  Pylon  
  28  3:15  Adept (Chrono Boost)  
  32  3:24  Probe, Adept (Chrono Boost)  
  33  3:28  Probe  
  34  3:37  Probe  
  34  3:39  Adept (Chrono Boost)  
  37  3:51  Probe x2  
  39  4:02  Stargate  
  39  4:04  Stargate  
  39  4:23  Probe x2  
  41  4:28  Assimilator  
  41  4:32  Assimilator  
  41  4:35  Probe, Photon Cannon  
  41  4:36  Probe  
  41  4:37  Shield Battery  
  43  4:40  Photon Cannon  
  43  4:42  Shield Battery  
  28  4:56  Void Ray  
  28  4:57  Void Ray  
  36  5:01  Probe (Chrono Boost)  
  37  5:18  Probe x2 (Chrono Boost)  
  39  5:25  Probe (Chrono Boost)  
  40  5:54  Void Ray  
  40  5:56  Probe (Chrono Boost)  
  46  6:02  Probe (Chrono Boost)  
  46  6:07  Probe (Chrono Boost)  
  46  6:10  Probe (Chrono Boost)  
  48  6:20  Probe (Chrono Boost)  
  48  6:22  Pylon  
  48  6:25  Pylon  
  50  6:26  Probe (Chrono Boost)  
  50  6:27  Pylon  
  50  6:31  Probe (Chrono Boost)  
  51  6:37  Probe  
  51  6:39  Probe  
  57  6:42  Void Ray (Chrono Boost)  
  57  6:49  Probe  
  57  6:52  Probe  
  59  6:56  Void Ray (Chrono Boost)  
  63  7:01  Probe  
  64  7:23  Stalker x2  
  68  7:40  Void Ray (Chrono Boost)  
  62  7:50  Void Ray (Chrono Boost)  
  70  8:23  Void Ray (Chrono Boost)  
  70  8:30  Void Ray (Chrono Boost)  
  66  8:51  Protoss Air Weapons Level 1  
  66  9:02  Void Ray (Chrono Boost)  
  60  9:06  Void Ray (Chrono Boost)  
  64  9:44  Stargate  
  64  9:45  Void Ray (Chrono Boost)  
  64  9:47  Void Ray (Chrono Boost), Stargate  
  72  9:59  Zealot x2  
  76  10:54  Void Ray x2 (Chrono Boost)  
  84  10:57  Robotics Facility  
  84  11:29  Pylon, Photon Cannon  
  84  11:31  Pylon  
  84  11:32  Photon Cannon  
  84  11:33  Pylon  
  84  11:36  Pylon, Photon Cannon  
  84  11:39  Photon Cannon  
  88  11:47  Void Ray (Chrono Boost)  
  88  11:48  Void Ray (Chrono Boost)  
  84  12:11  Void Ray x2 (Chrono Boost)  
  88  12:26  Probe, Void Ray (Chrono Boost)  
  93  12:58  Void Ray (Chrono Boost)  
  93  12:59  Void Ray (Chrono Boost)  
  93  13:01  Void Ray (Chrono Boost)  
  93  13:04  Protoss Air Armor Level 1  
  109  13:07  Void Ray (Chrono Boost)  
  109  13:14  Observer  
  109  13:16  Fleet Beacon  
  110  13:38  Pylon, Void Ray (Chrono Boost)  
  110  13:40  Pylon  
  114  13:42  Pylon  
  114  13:45  Void Ray (Chrono Boost)  
  114  13:46  Pylon  
  118  13:49  Pylon  
  118  14:19  Photon Cannon  
  118  14:26  Photon Cannon  
  130  14:32  Void Ray (Chrono Boost)  
  130  14:33  Void Ray x2 (Chrono Boost)  
  130  14:41  Photon Cannon  
  130  14:44  Photon Cannon  
  130  14:48  Photon Cannon, Void Ray  
  130  14:51  Photon Cannon  
  134  15:08  Void Ray x2  
  142  15:51  Void Ray (Chrono Boost)  
  142  15:52  Void Ray (Chrono Boost)  
  142  15:53  Void Ray (Chrono Boost)  
  146  15:59  Void Ray (Chrono Boost)  
  66  16:28  Void Ray (Chrono Boost)  
  66  16:29  Void Ray (Chrono Boost)  
  73  16:48  Protoss Air Armor Level 2 (Chrono Boost)  
  73  16:56  Void Ray  
  61  17:20  Tempest  
  61  17:21  Void Ray  
  59  18:16  Void Ray  
  59  18:49  Robotics Bay  
  49  19:04  Nexus  
  49  19:09  Pylon  
  43  19:12  Pylon  
  43  19:14  Pylon  
  43  19:15  Pylon  
  26  19:32  Disruptor (Chrono Boost)  
Show
View Real Time Build Order
Export as new Build Order

NoroCos Zerg 

Build Orders: Pool First 

Get SALT Encoding   

  12  0:05  Drone  
  13  0:09  Drone  
  14  0:18  Overlord  
  14  0:44  Drone x2  
  14  0:45  Drone  
  17  0:50  Extractor  
  17  0:56  Spawning Pool  
  15  0:57  Drone  
  16  1:12  Drone  
  17  1:42  Zergling x6  
  20  1:50  Metabolic Boost  
  20  2:09  Drone x2  
  20  2:10  Hatchery  
  21  2:16  Drone  
  22  2:26  Overlord  
  22  2:43  Queen  
  24  2:54  Extractor  
  24  2:56  Drone  
  24  2:57  Drone  
  25  3:04  Drone  
  26  3:19  Queen  
  28  3:25  Drone  
  29  3:28  Zergling x2  
  30  3:50  Zergling x2  
  30  3:51  Zergling x2  
  32  3:58  Queen  
  32  3:59  Drone x2  
  36  4:03  Overlord x4  
  36  4:09  Lair  
  36  4:34  Queen  
  33  5:18  Drone x3  
  35  5:27  Nydus Network  
  34  5:32  Drone x2  
  34  5:33  Hydralisk Den  
  35  5:44  Drone x2  
  35  5:45  Evolution Chamber  
  35  5:47  Evolution Chamber  
  35  5:55  Extractor  
  35  5:56  Extractor, Drone  
  35  5:57  Drone x4  
  35  6:04  Overseer  
  38  6:14  Zerg Missile Weapons Level 1  
  38  6:15  Zerg Ground Armor Level 1  
  38  6:17  Muscular Augments  
  38  6:20  Hydralisk  
  38  6:21  Hydralisk x5  
  50  6:42  Drone x5  
  50  6:45  Overlord x3  
  55  7:21  Hydralisk  
  55  7:22  Hydralisk x3  
  63  7:28  Grooved Spines  
  63  7:36  Extractor, Hatchery  
  61  7:48  Drone x2  
  61  7:49  Drone  
  61  7:50  Drone x3  
  61  7:51  Drone x2  
  68  7:52  Drone  
  70  8:01  Hydralisk x3  
  76  8:11  Zerg Missile Weapons Level 2  
  76  8:15  Zerg Ground Armor Level 2  
  76  8:29  Nydus Canal  
  76  9:26  Queen  
  76  9:28  Drone x3  
  76  9:30  Hydralisk  
  76  9:31  Hydralisk x7  
  97  9:42  Nydus Canal  
  97  9:48  Overseer  
  97  10:05  Pneumatized Carapace  
  97  10:16  Overlord  
  97  10:17  Overlord x6  
  97  10:18  Overlord x4  
  92  10:42  Hydralisk  
  92  10:43  Hydralisk x3  
  100  11:28  Overseer  
  100  11:29  Hatchery, Infestation Pit  
  100  11:30  Extractor, Hydralisk  
  100  11:31  Extractor, Hydralisk x6  
  104  12:28  Hydralisk  
  104  12:29  Hydralisk x7  
  120  12:34  Hydralisk  
  120  12:35  Hydralisk x15  
  152  12:41  Queen  
  154  12:47  Drone  
  155  12:52  Drone  
  156  13:03  Hive  
  156  13:05  Drone  
  157  13:16  Drone  
  158  13:29  Drone  
  159  13:59  Drone x6  
  165  14:11  Hydralisk  
  165  14:12  Hydralisk x9  
  165  14:14  Overlord  
  165  14:15  Overlord x3  
  185  14:28  Zerg Missile Weapons Level 3  
  185  14:33  Zerg Ground Armor Level 3  
  185  14:44  Overseer  
  185  15:23  Overseer  
  185  15:47  Overseer  
  185  15:57  Nydus Canal  
  185  16:44  Viper x5  
  200  16:56  Nydus Canal  
  200  17:06  Zerg Melee Weapons Level 1  
  185  17:41  Nydus Canal  
  185  17:52  Hydralisk  
  185  17:53  Hydralisk x6  
  185  17:55  Zergling x2  
  200  18:04  Hatchery  
  143  19:25  Hydralisk x5  
  143  19:26  Hydralisk x14  
  143  19:30  Swarm Host x6  
  199  19:37  Zergling x2  
Show
View Real Time Build Order
Export as new Build Order

AlanC Terran 

Build Orders:  

Get SALT Encoding   

  12  0:06  SCV  
  13  0:33  SCV  
  14  0:43  Supply Depot  
  14  0:45  SCV  
  15  1:02  Refinery  
  15  1:05  SCV  
  15  1:07  Engineering Bay  
  15  1:10  Refinery  
  16  1:17  SCV  
  17  1:29  SCV  
  18  1:41  SCV  
  19  1:47  Command Center  
  19  1:53  SCV  
  20  2:05  SCV  
  21  2:17  SCV  
  22  2:29  Supply Depot  
  23  2:30  SCV  
  23  2:50  SCV  
  24  3:00  Command Center  
  24  3:04  Planetary Fortress  
  24  3:09  Refinery  
  24  3:11  SCV  
  25  3:23  SCV  
  26  3:35  SCV  
  27  3:47  SCV  
  28  3:49  SCV  
  29  3:56  Refinery  
  29  3:59  SCV  
  29  4:01  SCV  
  31  4:11  SCV  
  31  4:13  SCV  
  31  4:14  Barracks  
  33  4:23  SCV  
  34  4:25  SCV  
  34  4:27  Planetary Fortress  
  35  4:36  SCV  
  35  4:37  SCV  
  37  4:48  SCV  
  37  4:49  SCV  
  39  5:00  SCV  
  39  5:01  SCV  
  41  5:13  SCV  
  42  5:21  SCV  
  42  5:25  SCV  
  42  5:27  Refinery  
  44  5:31  Orbital Command  
  44  5:33  SCV  
  44  5:34  Barracks Tech Lab  
  45  5:37  SCV  
  46  5:45  SCV  
  47  5:51  Factory  
  47  5:53  Factory  
  47  5:55  Factory  
  47  5:56  Factory  
  47  5:57  Factory  
  47  5:58  SCV  
  47  5:59  SCV  
  49  6:10  SCV  
  49  6:11  SCV  
  51  6:14  SCV  
  52  6:18  Command Center  
  52  6:19  Hi-Sec Auto Tracking  
  52  6:23  SCV  
  53  6:26  Missile Turret, SCV  
  53  6:29  Missile Turret  
  54  6:35  SCV  
  54  6:36  Refinery  
  54  6:39  SCV  
  56  6:41  SCV  
  56  6:44  Factory Tech Lab  
  56  6:45  Factory Tech Lab  
  56  6:46  Missile Turret, Factory Tech Lab  
  56  6:47  SCV, Factory Tech Lab  
  57  6:48  Missile Turret, Factory Tech Lab  
  57  6:51  SCV  
  57  6:53  SCV  
  60  7:03  SCV  
  60  7:04  Armory x2  
  60  7:08  Missile Turret  
  61  7:09  Supply Depot  
  61  7:12  Supply Depot  
  61  7:14  Supply Depot x2  
  61  7:25  SCV  
  61  7:34  Supply Depot  
  61  7:36  Supply Depot  
  61  7:37  SCV  
  62  7:46  Missile Turret  
  62  7:47  Missile Turret  
  62  7:48  Missile Turret  
  62  7:50  SCV  
  63  7:55  Thor x4  
  87  8:02  Missile Turret  
  87  8:08  Missile Turret x2  
  87  8:10  Missile Turret  
  47  8:58  SCV  
  48  9:10  SCV x2  
  48  9:16  Factory Tech Lab  
  50  9:21  Thor x4  
  50  9:22  SCV x2  
  76  9:33  Terran Vehicle And Ship Armor Level 1, Terran Vehicle Weapons Level 1  
  76  9:34  SCV  
  77  9:46  SCV  
  77  9:47  Missile Turret  
  78  9:58  SCV  
  79  10:03  Missile Turret, Thor  
  79  10:04  Thor  
  91  10:10  SCV  
  91  10:11  SCV  
  93  10:22  SCV  
  93  10:23  SCV  
  93  10:24  Missile Turret  
  95  10:35  SCV  
  96  10:41  Missile Turret x2  
  96  10:43  Marine, Missile Turret  
  96  10:44  Missile Turret  
  96  10:45  Missile Turret  
  96  10:46  Missile Turret  
  96  10:47  Missile Turret, SCV  
  98  10:59  SCV  
  98  11:00  Command Center  
  98  11:01  Marine  
  100  11:05  Missile Turret x2  
  100  11:09  Thor  
  106  11:17  Thor  
  112  11:18  Marine  
  112  11:24  Missile Turret  
  113  11:36  Marine  
  112  11:54  Marine, Thor  
  83  12:13  Thor x4  
  107  12:37  Thor  
  104  12:56  Thor x2  
  116  13:00  Thor  
  115  13:24  Command Center  
  115  13:31  Planetary Fortress  
  115  13:36  Refinery  
  115  13:42  Marine  
  113  13:58  Thor  
  113  14:00  Marine  
  117  14:41  Marine, SCV  
  101  14:53  Missile Turret, SCV  
  101  14:54  Missile Turret  
  101  14:55  Missile Turret  
  101  14:57  Missile Turret  
  101  14:59  Marine  
  103  15:01  Refinery  
  103  15:05  SCV  
  104  15:13  Missile Turret  
  104  15:14  Missile Turret  
  104  15:15  Missile Turret  
  104  15:16  Marine  
  104  15:17  SCV  
  104  15:19  Missile Turret  
  106  15:29  SCV  
  91  16:24  Thor x4  
  91  16:25  Thor  
  121  16:29  Orbital Command  
  121  16:42  Terran Vehicle And Ship Armor Level 2, Terran Vehicle Weapons Level 2  
  119  17:07  Thor x2  
  75  18:12  Thor x5  
  81  18:54  Thor  
  81  18:55  Thor x4  
  111  19:37  Thor x2  
  111  19:38  Thor  
  129  20:11  Thor x2  
  123  20:20  Thor  
  123  20:56  SCV  
Show
View Real Time Build Order
Export as new Build Order

savagekilla Zerg 

Build Orders: Pool First 

Get SALT Encoding   

  12  0:12  Overlord  
  12  0:15  Drone  
  13  0:22  Overlord  
  13  0:51  Drone x3, Evolution Chamber  
  15  1:29  Spawning Pool  
  14  1:36  Hatchery  
  14  1:37  Extractor  
  14  1:39  Drone x2  
  14  2:10  Extractor  
  13  2:25  Drone  
  13  2:26  Drone x2  
  16  3:37  Drone  
  16  3:38  Drone x2  
  19  4:09  Drone x3  
  22  4:22  Lair  
  22  4:29  Burrow  
  22  4:35  Drone x3  
  25  5:12  Spore Crawler  
  25  5:13  Drone x2  
  25  5:14  Drone  
  27  6:02  Baneling Nest  
  26  6:06  Roach Warren  
  25  6:12  Nydus Network  
  25  6:16  Drone x2  
  25  6:17  Drone  
  27  6:26  Drone x2  
  27  6:27  Drone  
  30  6:35  Queen  
  32  7:00  Hydralisk Den  
  31  7:11  Queen  
  33  7:28  Spire  
  32  7:44  Infestation Pit  
  31  7:51  Hydralisk  
  31  7:52  Hydralisk  
  31  7:56  Overlord  
  35  8:45  Infestor x3  
  41  9:11  Hive  
  41  9:40  Neural Parasite  
  41  10:01  Hydralisk  
  41  10:04  Overlord  
  41  10:05  Overlord  
  43  11:27  Hydralisk x3  
  49  11:52  Overlord x3  
  49  12:12  Lair  
  49  12:17  Overseer  
  49  12:21  Overseer  
  49  12:23  Overseer  
  49  12:48  Hydralisk x3  
  55  13:30  Nydus Canal  
  33  15:55  Infestor x2  
  33  15:56  Infestor  
  39  16:11  Hive  
  39  16:16  Drone  
  39  16:17  Drone x2  
  42  16:54  Ultralisk Cavern  
  41  17:05  Extractor  
  40  17:11  Extractor  
  39  17:16  Infestor x3  
  39  17:19  Swarm Host  
  51  17:23  Overlord  
  51  17:35  Overlord x3  
  51  19:22  Infestor x7  
  51  19:37  Ultralisk x3  
  69  20:57  Nydus Canal  
Show
View Real Time Build Order
Export as new Build Order

chorlos Zerg 

Build Orders: Pool First 

Get SALT Encoding   

  12  0:06  Drone  
  13  0:18  Drone  
  14  0:24  Extractor  
  14  0:25  Drone  
  14  0:27  Overlord  
  14  0:34  Extractor  
  13  0:46  Spawning Pool  
  13  0:48  Drone  
  13  0:53  Drone  
  14  1:11  Drone  
  15  1:30  Drone  
  15  1:32  Evolution Chamber  
  15  1:34  Zergling x2  
  16  1:46  Hatchery  
  15  1:47  Drone  
  15  1:49  Zergling x2  
  17  2:04  Drone x2  
  19  2:16  Zergling x2  
  20  2:52  Metabolic Boost  
  20  2:54  Drone, Hatchery  
  20  2:56  Drone  
  21  3:12  Lair  
  21  3:19  Hatchery  
  20  3:23  Zergling x2  
  20  3:24  Drone  
  20  3:25  Zergling x2  
  23  3:31  Drone  
  23  4:06  Drone, Evolution Chamber  
  22  4:13  Drone  
  23  4:24  Evolution Chamber  
  23  4:26  Drone  
  23  4:28  Drone  
  24  4:33  Zergling x2  
  24  4:35  Overlord  
  25  4:51  Infestation Pit  
  24  4:54  Drone x3  
  27  5:12  Hydralisk Den  
  26  5:21  Zergling x2  
  26  5:22  Drone  
  26  5:23  Drone  
  26  5:26  Drone x2  
  31  5:30  Overlord  
  31  5:37  Hive  
  31  5:51  Hydralisk  
  31  5:53  Zergling x2  
  31  5:55  Extractor  
  33  6:02  Extractor  
  32  6:13  Drone  
  32  6:14  Drone x2  
  32  6:15  Drone x2  
  37  6:46  Drone  
  38  6:49  Hydralisk, Zergling x4  
  38  6:52  Hydralisk  
  44  6:54  Adrenal Glands  
  44  6:56  Zerg Melee Weapons Level 1  
  44  6:58  Zerg Missile Weapons Level 1  
  44  7:07  Drone x3  
  47  7:28  Ultralisk Cavern  
  46  7:54  Hydralisk, Zergling x2  
  49  8:00  Zerg Ground Armor Level 1  
  49  8:08  Hydralisk  
  49  8:09  Zergling x2  
  52  8:13  Zergling x2  
  52  8:19  Overlord  
  53  8:23  Overlord x3  
  53  8:35  Hydralisk  
  55  8:45  Ultralisk  
  56  9:19  Ultralisk  
  56  9:20  Ultralisk  
  56  9:23  Overlord  
  68  9:26  Overlord x2  
  68  9:27  Overlord x2  
  68  9:29  Ultralisk  
  68  9:30  Zergling x2  
  75  9:37  Hydralisk  
  77  9:38  Ultralisk  
  77  9:39  Zergling x2  
  84  10:33  Chitinous Plating  
  84  10:36  Hydralisk  
  84  10:39  Ultralisk, Zergling x2  
  84  10:42  Zerg Melee Weapons Level 2  
  93  10:43  Zerg Missile Weapons Level 2  
  93  10:52  Zerg Ground Armor Level 2  
  93  11:24  Hydralisk, Ultralisk, Zergling x2  
  102  11:26  Zergling x4  
  103  11:34  Ultralisk  
  48  13:03  Hydralisk x3  
  48  13:05  Ultralisk, Zergling x4  
  60  13:12  Hydralisk  
  64  13:14  Infestor  
  54  13:43  Hydralisk  
  56  14:24  Hydralisk  
  56  14:25  Ultralisk, Zergling x2  
  56  14:27  Hydralisk x2  
  56  14:29  Zergling x6  
  56  14:30  Zergling x2  
  73  15:26  Hydralisk, Ultralisk  
  73  15:27  Hydralisk  
  73  15:28  Zergling x8  
  87  15:38  Pneumatized Carapace  
  73  16:32  Overseer  
  73  16:49  Hydralisk, Zergling x2  
  73  16:51  Ultralisk, Zergling x4  
  73  16:52  Hydralisk  
  86  16:55  Hydralisk  
  39  18:11  Hydralisk, Zergling x4  
  43  18:13  Zergling x2  
  44  18:57  Zergling x2  
  44  18:58  Hydralisk x2, Zergling x2  
  50  19:05  Ultralisk  
  50  19:07  Zergling x2  
  50  19:09  Zergling x2  
  59  19:10  Zergling x4  
  60  19:42  Ultralisk  
  60  19:43  Zergling x2  
  60  19:44  Zergling x2  
  68  19:53  Hydralisk, Zergling x2  
  68  19:59  Zergling x2  
  69  20:28  Ultralisk  
  69  20:29  Zergling x4  
Tags
 
Add a new tag
Caveats
  • Supply blocks, unpowered buildings, or Contaminate may cause inaccurate times.
  • Supply counts are checked every 10 seconds.